 Dungeon Crawl Stone Soup version 0.27-a0-1291-geefcff550b (webtiles) character file.

Game seed: 13546097511795000988

166 funkygono the Shield-Bearer (level 5, 0/42 HPs)
             Began as a Formicid Fighter on June 16, 2021.
             Killed by divine providence
             ... invoked by an orc priest
              (12 damage)
             ... on level 3 of the Dungeon.
             The game lasted 00:07:09 (3407 turns).

funkygono the Shield-Bearer (Formicid Fighter)      Turns: 3407, Time: 00:07:10

Health: 0/42       AC:  7    Str: 21    XL:     5   Next: 76%
Magic:  5/5        EV: 12    Int:  8    God:
Gold:   86         SH:  9    Dex: 10    Spells: 3/4 levels left

rFire    . . .     SeeInvis +   a - +0 flail
rCold    . . .     Faith    .   c - +0 kite shield
rNeg     . . .     Spirit   .   m - +0 scale mail
rPois    +         Reflect  .   (helmet unavailable)
rElec    .         Harm     .   (no cloak)
rCorr    .         Rampage  .   (no gloves)
Will     .....                  (no boots)
Stlth    ..........             (no amulet)
HPRegen  0.14/turn              j - +4 ring of evasion
MPRegen  0.09/turn              i - ring of poison resistance

@: no status effects
A: permanent stasis, dig shafts and tunnels, antennae 3, four strong arms
a: Dig, Shaft Self


You were on level 3 of the Dungeon.
You visited 1 branch of the dungeon, and saw 3 of its levels.

You collected 86 gold pieces.

Inventory:

Hand Weapons
 a - a +0 flail (weapon)
 b - a +0 hunting sling
Missiles
 f - 65 stones
 h - 5 atropa-tipped darts
 n - 18 sling bullets
Armour
 c - a +0 kite shield (worn)
 m - a +0 scale mail (worn)
Jewellery
 i - a ring of poison resistance (right hand)
 j - a +4 ring of evasion (left hand)
Potions
 d - a potion of might
 e - 3 potions of lignification
 g - a potion of heal wounds


   Skills:
 + Level 4.3 Fighting
 + Level 3.3 Maces & Flails
 + Level 0.4 Slings
 + Level 4.2 Armour
 + Level 0.5 Dodging
 + Level 4.4 Shields
 + Level 0.1 Necromancy


You had 3 spell levels left.
You knew the following spells:

 Your Spells              Type           Power      Damage    Failure   Level
a - Animate Skeleton      Necr           0%         N/A       96%         1

Your spell library contained the following spells:

 Spells                   Type           Power      Damage    Failure   Level
 Pain                     Necr           0%         1d4       96%         1
 Vampiric Draining        Necr           0%         2d6       100%        3
 Animate Dead             Necr           0%         N/A       100%        4
 Agony                    Necr           0%         N/A       100%        5


Dungeon Overview and Level Annotations

Branches:
Dungeon (3/15)

Altars:

Shops:
D:2 =


Innate Abilities, Weirdness & Mutations

You cannot be hasted, slowed, berserked, paralysed or teleported.
You can dig through walls and to a lower floor.
You have a pair of large antennae on your head. (SInv)
Your four strong arms can wield two-handed weapons with a shield.


Message History

You sense a monster nearby.
A hobgoblin comes into view.
The hobgoblin shouts!
You hear a shout!
Fire: 65 stones
Press: ? - help, Q - select action, (/) - cycle Shift-Dir - straight line, f - hobgoblin
Aim: a hobgoblin (57% to hit)
You shoot a stone. The stone hits the hobgoblin.
The hobgoblin is almost dead.
The hobgoblin completely misses you.
a - a +0 flail (weapon)
You sock the hobgoblin!
You kill the hobgoblin!
b - a +0 hunting sling (weapon)
f - 65 stones (gained 1)
You now have 86 gold pieces (gained 8).
You sense a monster nearby.
An orc and 2 orc priests come into view.
The orc shouts!
The orc priest shouts!
The orc throws a boomerang.
You block the boomerang.
a - a +0 flail (weapon)
An orc comes into view. It is wielding a +0 hand axe.
The orc shouts!
The orc hits you with a +0 whip.
You thump the orc!
You kill the orc!
The orc priest invokes the aid of Beogh against you.
Pain shoots through your body! The orc priest barely misses you.
Items here: $ ( ) †.
You thump the orc priest!
The orc priest is severely wounded.
The orc priest mumbles some strange prayers to Beogh against you.
Beogh smites you!
* * * LOW HITPOINT WARNING * * *
You barely miss the orc priest.
The orc priest is severely wounded.
The orc priest barely misses you.
The orc priest calls down the wrath of Beogh upon you.
Beogh smites you!
You die...

### ##### #..
....### #.# #.....#
##.# ####.#
#.######### ##.#
#....# #..@ooo....
##.#
##.##.###.#########
##.###.#.#.....#
......###....###
.....## ####.#
.....# #.. .....#
#.## ...>.# #.#
....... #.#


You could see 2 orc priests and an orc.

Vanquished Creatures
  3 gnolls
  5 adders
  2 worms (D:2)
  A dart slug (D:3)
  9 orcs (D:3)
  5 endoplasms
  A giant cockroach (D:1)
  7 goblins
  8 hobgoblins
  7 jackals
  2 quokkas
  6 ball pythons
  4 bats
  A frilled lizard (D:1)
  6 kobolds
  4 rats
71 creatures vanquished.

Notes
Turn   | Place    | Note
-------+----------+-------------------------------------------
     0 | D:1      | funkygono the Formicid Fighter began the quest for the Orb.
     0 | D:1      | Reached XP level 1. HP: 18/18 MP: 1/1
   362 | D:1      | Reached XP level 2. HP: 23/24 MP: 2/2
   924 | D:1      | Reached XP level 3. HP: 28/30 MP: 3/3
  1674 | D:1      | Reached XP level 4. HP: 32/37 MP: 4/4
  1735 | D:2      | Found Uhahu's Jewellery Shoppe.
  2173 | D:2      | Reached XP level 5. HP: 42/42 MP: 5/5
  2440 | D:2      | Learned a level 1 spell: Animate Skeleton
  3407 | D:3      | Killed from afar by an orc priest

Illustrated notes

Levels and vault maps discovered:
D:1:      shiori_arrival_oz, layout_loops_corners
D:2:      layout_basic, serial_shops, shop
D:3:      layout_loops_ring, shapermc_ecumenical_altar_mp_highgroup,
          grunt_ministairs_3

Skill      XL: |  1  2  3  4  5 |
---------------+----------------+-----
Shields        | 4 |  4.4
Fighting       | 4 |  4.3
Armour         | 4 |  4.2
Maces & Flails | 3 |  3.3
Slings         | |  0.4
Dodging        | |  0.5
Necromancy     | |  0.1

Action                   |  1- 3 |  4- 6 || total
-------------------------+-------+-------++-------
Melee: Flail             |    88 |   115 ||   203
 Fire: Hunting sling     |       |    35 ||    35
  Use: Scroll            |     4 |     3 ||     7
Armor: Scale mail        |    37 |    21 ||    58
Dodge: Dodged            |    34 |    47 ||    81
Block: Kite shield       |    53 |    57 ||   110

Table legend: (Time is in decaauts)
 A = Elapsed time spent in this place.
 B = Non-inter-level travel time spent in this place.
 C = Inter-level travel time spent in this place.
 D = Time resting spent in this place.
 E = Time spent auto-exploring this place.
 F = Levels seen in this place.
 G = Mean time per level.
                   A        B        C        D        E       F      G
               +--------+--------+--------+--------+--------+-----+--------+
         Total |   3488 |   3436 |     52 |    352 |   2416 |   3 | 1162.7 |
       Dungeon |   3488 |   3436 |     52 |    352 |   2416 |   3 | 1162.7 |
               +--------+--------+--------+--------+--------+-----+--------+

Top non-repeatable levels by time:
     D:1: 1592 daAuts
     D:2: 1278 daAuts
     D:3: 617 daAuts
